AoeStats
← Broots

Arabia

509956535Analyzed
2v2 RM · 5d ago on Sep 28, 2026· 50m 44s· 4 players
Game mode
Random Map
Map size
Medium (4 player)
Population
200
Speed
Normal
Resources
Standard
Victory
Conquest
Starting age
Dark Age
Ending age
Imperial Age
RankedLock teamsTeams togetherTeam positionsShared explorationLock speedFull tech treeHidden civsTurbo modeCheats
Victory
Defeat
🇦🇷 Vietnamese · Argentina
1075
+13
🇦🇷 Malians · Argentina
1054
+14
🇩🇪 Ethiopians · Germany
1010
-13
🇩🇪 Lithuanians · Germany
1010
-14
Broots
9:05 Loom
11:03 Feudal Age
11:55 Double-Bit Axe
13:48 Fletching
14:35 Padded Archer Armor
20:51 Scale Barding Armor
25:14 Castle Age
24:55 Wheelbarrow
26:19 Bodkin Arrow
25:48 Crossbowman
29:29 Forging
39:44 Elite Skirmisher
40:44 Bow Saw
41:55 Gold Mining
44:56 Hand Cart
44:27 Town Watch
48:45 Royal Heirs
49:02 Horse Collar
52:26 Imperial Age
onerom
6:59 Loom
10:04 Feudal Age
11:29 Horse Collar
14:26 Scale Barding Armor
23:39 Castle Age
23:56 Crossbowman
24:33 Fletching
27:59 Thumb Ring
29:50 Ballistics
31:35 Bodkin Arrow
33:32 Bloodlines
33:22 Husbandry
33:57 Chain Barding Armor
33:48 Forging
35:21 Double-Bit Axe
36:15 Wheelbarrow
51:17 Imperial Age
Magistral
6:43 Loom
9:55 Feudal Age
10:24 Double-Bit Axe
17:58 Padded Archer Armor
22:53 Castle Age
21:18 Fletching
21:28 Gold Mining
23:14 Crossbowman
25:09 Elite Skirmisher
28:49 Bow Saw
29:32 Wheelbarrow
31:34 Bodkin Arrow
33:04 Horse Collar
39:49 Leather Archer Armor
47:47 Imperial Age
47:52 Arbalester
50:05 Chemistry
49:26 Ballistics
49:32 Bracer
50:24 Stone Mining
Sr. Hiei
0:27 Loom
13:26 Feudal Age
14:47 Wheelbarrow
19:12 Castle Age
18:23 Horse Collar
20:09 Scale Mail Armor
20:28 Forging
20:09 Town Watch
24:10 Heavy Plow
25:02 Gold Mining
30:23 Imperial Age
29:18 Iron Casting
29:34 Chain Mail Armor
30:33 Gold Shaft Mining
31:37 Plate Mail Armor
32:53 Double-Bit Axe
33:47 Conscription
35:14 Chemistry
34:53 Elite Gbeto
38:50 Arson
39:06 Squires
Connection lost

Rejoining the realm…

Still unreachable

The connection could not be restored.

Session expired

The server has moved on; the page needs a fresh start.